 Dungeon Crawl Stone Soup version 0.24.0-10-g970556be89 (webtiles) character file.

Game seed: 15593954645418074644, levelgen mode: deterministic

46 opiumtea the Conjurer (level 3, 0/21 HPs)
             Began as an Octopode Conjurer on Nov 3, 2019.
             Slain by a gnoll (9 damage)
             ... on level 2 of the Dungeon.
             The game lasted 00:04:56 (1372 turns).

opiumtea the Conjurer (Octopode Conjurer)           Turns: 1372, Time: 00:04:57

Health: 0/21       AC:  1    Str:  7    XL:     3   Next: 66%
Magic:  3/8        EV:  7    Int: 18    God:
Gold:   46         SH:  0    Dex: 12    Spells: 3/9 levels left

rFire    . . .     SeeInvis .   d - +0 whip
rCold    . . .     Gourm    .   (no shield)
rNeg     . . .     Faith    .   (helmet restricted)
rPois    .         Spirit   .   o - amulet of the acrobat
rElec    .         Reflect  .   g - ring of wizardry
rCorr    .         Harm     .   (no ring)
MR       .....                  (no ring)
Stlth    +++.......             (no ring)
HPRegen  0.07/turn              (no ring)
MPRegen  0.11/turn              (no ring)
                                (no ring)
                                (no ring)

@: held
A: almost no armour, stealthy swim, amphibious, 8 rings, constrict 8, camouflage
1, gelatinous body 1
a: no special abilities


You were on level 2 of the Dungeon.
You were not hungry.

You visited 1 branch of the dungeon, and saw 2 of its levels.

You collected 46 gold pieces.

Inventory:

Hand Weapons
 c - a +0 hunting sling
 d - a +0 whip (weapon)
Missiles
 f - 77 stones (quivered)
Jewellery
 g - a ring of wizardry (left tentacle)
 o - an amulet of the acrobat (around mantle)
Scrolls
 a - a scroll of enchant weapon {unknown}
 e - 3 scrolls of identify {unknown}
 j - a scroll of teleportation {unknown}
 m - 2 scrolls of magic mapping {unknown}
Potions
 h - a potion of berserk rage {unknown}
 k - 2 potions of flight {unknown}
 l - 2 potions of curing {unknown}
 n - a potion of might {unknown}
Comestibles
 b - 2 rations
 i - 5 chunks of flesh


   Skills:
 - Level 2.0 Dodging
 - Level 2.6 Stealth
 + Level 3.6 Spellcasting
 - Level 4.0 Conjurations


You had 3 spell levels left.
You knew the following spells:

 Your Spells              Type           Power        Failure   Level  Hunger
a - Magic Dart            Conj           ###.         1%          1    None
b - Searing Ray           Conj           ###...       1%          2    ##.....
c - Dazzling Spray        Conj/Hex       ##....       9%          3    ###....

Your spell library contained the following spells:

 Spells                   Type           Power        Failure   Level  Hunger
 Iskenderun's Mystic Bla  Conj           ###.....     12%         4    ####...
 Force Lance              Conj/Tloc      ##......     26%         4    ####...
 Fulminant Prism          Conj/Hex       ##........   26%         4    ####...


Dungeon Overview and Level Annotations

Branches:
Dungeon (2/15)

Altars:


Innate Abilities, Weirdness & Mutations

You cannot wear most types of armour.
You are very stealthy in the water. (Stealth+)
You are amphibious.
You can wear up to eight rings at the same time.
You can use your tentacles to constrict eight enemies at once.
Your skin changes colour to match your surroundings (Stealth+).
Your rubbery body absorbs attacks. (AC +1, EV +1)


Message History

You constrict the gnoll.
The gnoll escapes!
The gnoll throws a throwing net.
The throwing net hits you.
You become entangled in the net!
You see here a throwing net.
Casting: Magic Dart (safe; 1% risk of failure)
Confirm with . or Enter, or press ? or * to list all spells.
Aiming: Magic Dart (safe; 1% risk of failure)
Press: ? - help, Shift-Dir - straight line, f/p - gnoll
Aim: a gnoll, wielding a +0 club (severely wounded)
The magic dart hits the gnoll but does no damage.
The gnoll is severely wounded.
Casting: Magic Dart (safe; 1% risk of failure)
Confirm with . or Enter, or press ? or * to list all spells.
Aiming: Magic Dart (safe; 1% risk of failure)
Press: ? - help, Shift-Dir - straight line, f/p - gnoll
Aim: a gnoll, wielding a +0 club (severely wounded)
The magic dart hits the gnoll.
The gnoll is moderately wounded.
The gnoll hits you!
You die...

#g...#
#####....#
#...)....#
#.###....#
#รท#.....##
#.#.###.#
#.#..<#(#
#.#####.#
#....@gg#
#########


You could see 2 gnolls.

Vanquished Creatures
  A gnoll (D:2)
  2 dart slugs (D:1)
  A leopard gecko (D:2)
  5 orcs (D:2)
  A giant cockroach (D:1)
  2 goblins (D:1)
  3 hobgoblins (D:1)
  2 jackals (D:1)
  A bat (D:1)
  2 frilled lizards (D:1)
  2 kobolds (D:1)
  4 rats
26 creatures vanquished.

Notes
Turn   | Place    | Note
-------+----------+-------------------------------------------
     0 | D:1      | opiumtea the Octopode Conjurer began the quest for the Orb.
     0 | D:1      | Reached XP level 1. HP: 11/11 MP: 3/3
   238 | D:1      | Reached XP level 2. HP: 12/17 MP: 0/5
   242 | D:1      | Learned a level 2 spell: Searing Ray
  1094 | D:2      | Reached XP level 3. HP: 21/21 MP: 3/7
  1140 | D:2      | Learned a level 3 spell: Dazzling Spray
  1372 | D:2      | Slain by a gnoll

Levels and vault maps discovered:
D:1:      dpeg_arrival_long_road, layout_basic
D:2:      layout_basic, lemuel_doored_altar, first_ration, uniq_natasha,
          uniq_terence

Skill      XL: |  1  2 |
---------------+-------+-----
Spellcasting   | 3 |  3.6
Dodging        | |  2.0
Stealth        | |  2.6
Conjurations   | |  4.0

Action                   || total
-------------------------++-------
Melee: Whip              ||     6
       Constrict         ||     2
       Tentacles         ||     2
Throw: Stone             ||     3
 Cast: Magic Dart        ||    46
       Searing Ray       ||     2
  Eat: Chunk             ||     1
Dodge: Dodged            ||     8
